 Dungeon Crawl Stone Soup version 0.23.2-1-ga50397a (webtiles) character file.

Game seed: 3325470287610793241

543 diana the Skirmisher (level 7, -3/44 HPs)
             Began as a Gargoyle Fighter on May 26, 2019.
             Was a Follower of Okawaru.
             Killed by nerve-wracking pain
             ... invoked by a shadow imp
              (5 damage)
             ... on level 6 of the Dungeon.
             The game lasted 00:05:17 (3718 turns).

diana the Skirmisher (Gargoyle Fighter)             Turns: 3718, Time: 00:05:18

Health: -3/44      AC: 15    Str: 22    XL:     7   Next: 27%
Magic:  7/7        EV: 12    Int:  8    God:    Okawaru [*.....]
Gold:   183        SH: 10    Dex: 14    Spells: 6/6 levels left

rFire    . . .     SeeInvis .   a - +0 flail
rCold    + . .     Gourm    .   c - +0 shield
rNeg     + . .     Faith    .   j - +1 chain mail {rC+}
rPois    ∞         Spirit   .   (no helmet)
rElec    +         Reflect  .   (no cloak)
rCorr    .         Harm     .   (no gloves)
MR       .....                  (no boots)
Stlth    ..........             (no amulet)
HPRegen  0.14/turn              (no ring)
MPRegen  0.10/turn              (no ring)

@: agile
A: negative energy resistance 1, electricity resistance, unbreathing,
petrification resistance, rot immunity, AC +4
a: Heroism, Renounce Religion


You were on level 6 of the Dungeon.
You worshipped Okawaru.
Okawaru was aware of your devotion.
You were near starving.

You visited 2 branches of the dungeon, and saw 7 of its levels.

You collected 183 gold pieces.

Inventory:

Hand Weapons
 a - a +0 flail (weapon)
Armour
 c - a +0 shield (worn)
 j - a +1 chain mail of cold resistance (worn)
Jewellery
 A - a cursed -2 ring of evasion {unknown}
Wands
 b - a wand of random effects (28)
Scrolls
 e - 3 scrolls of enchant armour
 g - a scroll of immolation {unknown}
 k - 2 scrolls of amnesia
 l - 2 scrolls of identify
 m - 2 scrolls of remove curse
 o - a scroll of noise {unknown}
 p - 4 scrolls of teleportation {unknown}
 q - a scroll of random uselessness {unknown}
 v - a scroll of fog {unknown}
 x - a scroll of fear {unknown}
 y - a scroll of enchant weapon {unknown}
 z - a scroll of magic mapping {unknown}
Potions
 d - a potion of might
 h - a potion of agility
 i - 2 potions of ambrosia {unknown}
 n - a potion of invisibility {unknown}
 r - 4 potions of flight {unknown}
 s - 2 potions of heal wounds {unknown}
 t - 3 potions of curing {unknown}
 u - a potion of mutation {unknown}
 w - a potion of berserk rage {unknown}
Comestibles
 f - 7 rations


   Skills:
 + Level 5.0 Fighting
 * Level 4.4 Maces & Flails
 + Level 4.6 Armour
 + Level 2.1 Dodging
 + Level 4.6 Shields


You had 6 spell levels left.
You didn't know any spells.
Your spell library contained the following spells:

 Spells                   Type           Power        Failure   Level  Hunger
 Magic Dart               Conj           #...         100%        1    ##.....
 Searing Ray              Conj           #.....       100%        2    ###....
 Dazzling Spray           Conj/Hex       #.....       100%        3    ####...
 Force Lance              Conj/Tloc      #.......     100%        4    #####..
 Fulminant Prism          Conj/Hex       #.........   100%        4    #####..
 Iskenderun's Mystic Bla  Conj           #.......     100%        4    #####..


Dungeon Overview and Level Annotations

Branches:
Dungeon (6/15)             Temple (1/1) D:4

Altars:
Cheibriados
Dithmenos
Kikubaaqudgha
Okawaru
Qazlal
Trog
Uskayaw
Vehumet
Xom
Yredelemnul
Zin
The Shining One


Innate Abilities, Weirdness & Mutations

You are resistant to torment.
Your stone body is resilient. (AC +4)
You are immune to poison.
You resist negative energy. (rN+)
You are resistant to electric shocks. (rElec)
You can survive without breathing.
You are immune to petrification.
You are immune to rotting.


Message History

The gnoll hits you but does no damage.
The shadow imp hits you but does no damage.
The gnoll completely misses you.
Your shield prevents you from hitting the shadow imp.
The shadow imp is heavily wounded.
The shadow imp hits you but does no damage.
You block the gnoll's attack.
You hit the shadow imp but do no damage.
The shadow imp is heavily wounded.
You block the gnoll's attack. The shadow imp completely misses you.
The gnoll barely misses you. The shadow imp gestures at you.
Pain shoots through your body!
* * * LOW HITPOINT WARNING * * *
It was a potion of agility.
You feel agile all of a sudden. The gnoll hits you but does no damage.
The shadow imp gestures at you. Pain shoots through your body!
You die...

.......# #.#
......## #.#
.....## #.#
#.#### #.#
#.#### #.#
...... #.#
......
...####.###
######
........#)##
...#####@g.#
#5)...#
...........
###.....####
##...##
##.## .. #.


You could see a gnoll and a shadow imp.

Vanquished Creatures
  A phantom (D:6)
  Blork the orc (D:4)
  A crimson imp (D:5)
  An orc priest (D:4)
  A hound (D:5)
  A gnoll shaman (D:6)
  A bullfrog skeleton (D:4)
  An orc wizard (Temple)
  A worker ant (D:4)
  2 hound skeletons (D:4)
  A howler monkey skeleton (D:5)
  3 gnolls (D:6)
  3 adders
  An ooze (D:2)
  An adder skeleton (D:4)
  3 worms
  A dart slug (D:1)
  A leopard gecko (D:1)
  9 orcs
  2 ball pythons
  5 bats
  4 giant cockroaches
  5 goblins
  2 hobgoblins
  4 jackals
  7 kobolds
  9 frilled lizards
  A jackal zombie (D:5)
  A leopard gecko skeleton (D:4)
  5 rats
79 creatures vanquished.

Notes
Turn   | Place    | Note
-------+----------+-------------------------------------------
     0 | D:1      | diana the Gargoyle Fighter began the quest for the Orb.
     0 | D:1      | Reached XP level 1. HP: 14/14 MP: 1/1
    64 | D:1      | Reached XP level 2. HP: 16/19 MP: 2/2
   618 | D:2      | Reached XP level 3. HP: 21/23 MP: 3/3
  1239 | D:3      | Reached skill level 1 in Dodging
  1262 | D:3      | Found a radiant altar of Vehumet.
  1380 | D:3      | Reached XP level 4. HP: 28/28 MP: 4/4
  1535 | D:3      | Found a glowing golden altar of the Shining One.
  1935 | D:4      | Reached skill level 4 in Fighting
  1935 | D:4      | Reached XP level 5. HP: 27/33 MP: 5/5
  1952 | D:4      | Noticed Blork the orc
  1974 | D:4      | Killed Blork the orc
  1985 | D:4      | Found a staircase to the Ecumenical Temple.
  1998 | Temple   | Entered the Ecumenical Temple
  2204 | Temple   | Became a worshipper of Warmaster Okawaru
  2260 | Temple   | Reached XP level 6. HP: 38/39 MP: 6/6
  3039 | D:5      | Entered Level 5 of the Dungeon
  3086 | D:5      | Found a snail-covered altar of Cheibriados.
  3602 | D:6      | Noticed a phantom
  3636 | D:6      | Killed a phantom
  3636 | D:6      | Reached * piety under Okawaru
  3636 | D:6      | Reached skill level 5 in Fighting
  3636 | D:6      | Reached XP level 7. HP: 42/44 MP: 7/7
  3717 | D:6      | HP: 1/44 [shadow imp/nerve-wracking pain (5)]
  3718 | D:6      | Killed from afar by a shadow imp

Skill      XL: |  1  2  3  4  5  6 |
---------------+-------------------+-----
Dodging        | 1 2 |  2.1
Maces & Flails | 3 4 |  4.4
Fighting       | 4 5 |  5.0
Armour         | 4 |  4.6
Shields        | 4 |  4.6

Action                   |  1- 3 |  4- 6 |  7- 9 || total
-------------------------+-------+-------+-------++-------
Melee: Flail             |   190 |   293 |    37 ||   520
Invok: Heroism           |       |       |     1 ||     1
  Use: Scroll            |       |     4 |       ||     4
       Potion            |       |       |     1 ||     1
  Eat: Chunk             |     2 |     3 |       ||     5
       Ration            |       |     1 |       ||     1
Armor: Scale mail        |    25 |       |       ||    25
       Plate armour      |   132 |   125 |       ||   257
       Chain mail        |       |    82 |    42 ||   124
Dodge: Dodged            |    31 |    83 |    12 ||   126
Block: Shield            |   120 |   148 |    41 ||   309
